 Dungeon Crawl Stone Soup version 0.31-a0-667-g39726597b9 (webtiles) character file.

Game seed: 5057430157707670533

20 Xavori the Trooper (level 2, -2/21 HPs)
             Began as an Octopode Chaos Knight on Sept 4, 2023.
             Was a Plaything of Xom.
             Slain by a deep troll (glowing shapeshifter) (23 damage)
             ... on level 1 of the Dungeon.
             The game lasted 00:00:20 (313 turns).

Xavori the Trooper (Octopode Chaos Knight)           Turns: 313, Time: 00:00:21

Health: -2/21      AC:  1    Str: 11    XL:     2   Next: 79%
Magic:  2/2        EV: 13    Int: 14    God:    Xom [..*...]
Gold:   9          SH:  0    Dex: 11    Spells: 1/1 levels left

rFire   . . .        a - +0 short sword (chaos)
rCold   . . .        (no shield)
rNeg    . . .        (helmet restricted)
rPois   .            (no amulet)
rElec   .            (no ring)
rCorr   .            (no ring)
SInv    .            (no ring)
Will    .....        (no ring)
Stlth   ++           (no ring)
HPRegen 0.23/turn    (no ring)
MPRegen 0.08/turn    (no ring)
                     (no ring)

%: no passive effects
@: invisible
A: almost no armour, amphibious, 8 rings, camouflage 1, gelatinous body 1,
(nimble swimmer 1), tentacles
a: Renounce Religion


You were on level 1 of the Dungeon.
You worshipped Xom.
You were a toy of Xom.
You visited 1 branch of the dungeon, and saw 1 of its levels.

You collected 9 gold pieces.

Inventory:

Hand Weapons
 a - a +0 short sword of chaos (weapon)
Scrolls
 b - a scroll of butterflies
 e - a scroll of identify {unknown}


   Skills:
 + Level 3.4 Fighting
 + Level 3.3 Short Blades
 + Level 2.6 Dodging
 + Level 0.4 Stealth


You had one spell level left.
You didn't know any spells.
Your spell library was empty.

Dungeon Overview and Level Annotations

Branches:
Dungeon (1/15)

Altars:


Innate Abilities, Weirdness & Mutations

You cannot wear most types of armour.
You are amphibious.
You can wear up to eight rings at the same time.
Your skin changes colour to match your surroundings (Stealth+).
Your rubbery body absorbs attacks. (AC +1, EV +1)
((You are camouflaged when in or above water. (Stealth+)))
You have tentacles for arms and can constrict up to eight enemies at once.


Message History

Xom is highly amused!
The endoplasm is severely wounded.
The endoplasm barely misses you.
You hit the endoplasm.
The endoplasm is almost dead.
The endoplasm barely misses you. x2
You hit the endoplasm.
You kill the endoplasm!
The ball python hisses angrily.
A hobgoblin comes into view.
Found a dagger.
There are monsters nearby!
You hit the ball python but do no damage.
The ball python changes into a glowing shapeshifter!
You grab the glowing shapeshifter. You constrict the glowing shapeshifter.
Xom makes a sudden noise!
You hear a muffled joke.
The hobgoblin shouts!
The glowing shapeshifter hits you!
Ouch! That really hurt!
You hit the glowing shapeshifter.
The glowing shapeshifter is poisoned.
You squeeze the glowing shapeshifter!
The glowing shapeshifter is moderately wounded.
You constrict the glowing shapeshifter.
You lose your grip on the orb spider.
The glowing shapeshifter changes into an orb spider!
It was a potion of heal wounds.
You feel much better.
Xom thinks this is hilarious!
It was a potion of invisibility.
You fade into invisibility!
You hit the orb spider. You grab the orb spider.
You squeeze the orb spider, but do no damage.
The orb spider is lightly wounded.
You constrict the orb spider, but do no damage.
The orb spider escapes!
The orb spider changes into a deep troll!
You closely miss the deep troll.
You squeeze the deep troll, but do no damage.
You closely miss the deep troll. The deep troll bites you!!
Ouch! That really hurt!
You die...
Xom bursts into laughter!

#.# ##### #.# #...#
#.# #.###
########.###### #.)..
#.......>..?..# #####
#......(......# ..#..
#.............###.#.#
#..T@................
#............####.#).
#.....g.>....# #.#..
#.?..........# #.###
#............# #...)
#............# #####
#............#
#.(..........#
#..........).


You could see a deep troll shaped shifter and a hobgoblin (unable to see you).

Vanquished Creatures
  A gnoll (D:1)
  A ball python (D:1)
  2 endoplasms (D:1)
  A goblin (D:1)
  2 quokkas (D:1)
  2 bats (D:1)
  A frilled lizard (D:1)
  A rat (D:1)
11 creatures vanquished.

Notes
Turn   | Place    | Note
-------+----------+-------------------------------------------
     0 | D:1      | Xavori the Octopode Chaos Knight began the quest for the
                  | Orb.
     0 | D:1      | Reached XP level 1. HP: 16/16 MP: 1/1
    28 | D:1      | XOM: silly message
   124 | D:1      | Reached XP level 2. HP: 18/21 MP: 2/2
   306 | D:1      | a ball python changed into a glowing shapeshifter
   306 | D:1      | Noticed a glowing shapeshifter (glowing shapeshifter)
   306 | D:1      | XOM: noise
   307 | D:1      | a glowing shapeshifter changed into an orb spider
   307 | D:1      | Noticed an orb spider (glowing shapeshifter)
   311 | D:1      | an orb spider changed into a deep troll
   311 | D:1      | Noticed a deep troll (glowing shapeshifter)
   313 | D:1      | Slain by a deep troll (glowing shapeshifter)

Illustrated notes

Levels and vault maps discovered:
D:1:      co_arrival_random_square_maze, layout_basic

Action                     || total
---------------------------++-------
  Melee: Short sword       ||    25
         Tentacles         ||     7
         Constrict         ||     6
    Use: Potion            ||     2
   Stab: Sleeping          ||     5
 Armour: Skin              ||     5
  Dodge: Dodged            ||    15

Table legend: (Time is in decaauts)
 A = Elapsed time spent in this place.
 B = Non-inter-level travel time spent in this place.
 C = Inter-level travel time spent in this place.
 D = Time resting spent in this place.
 E = Time spent auto-exploring this place.
 F = Levels seen in this place.
 G = Mean time per level.
                   A        B        C        D        E       F      G
               +--------+--------+--------+--------+--------+-----+--------+
         Total |    309 |    309 |      0 |      0 |    238 |   1 |  309.0 |
       Dungeon |    309 |    309 |      0 |      0 |    238 |   1 |  309.0 |
               +--------+--------+--------+--------+--------+-----+--------+

Top non-repeatable levels by time:
     D:1: 309 daAuts
